 Dungeon Crawl Stone Soup version 0.21-a0-578-gc6e9d75 (webtiles) character file.

5 4thArraOfDagon the Firebug (level 1, 0/9 HPs)
             Began as a Vine Stalker Fire Elementalist on Dec 18, 2017.
             Slain by a worker ant (5 damage)
             ... on level 4 of the Dungeon.
             The game lasted 00:00:46 (156 turns).

4thArraOfDagon the Firebug (VSFE)                    Turns: 156, Time: 00:00:47

Health: 0/9        AC:  2    Str: 10    XL:     1   Next: 80%
Magic:  0/4        EV: 12    Int: 15    God:
Gold:   9          SH:  0    Dex: 14    Spells: 3/4 levels left

rFire    . . .     SeeInvis .   d - +2 short sword (speed)
rCold    . . .     Gourm    .   (no shield)
rNeg     . . .     Faith    .   a - +0 robe
rPois    .         Spirit   +   (no helmet)
rElec    .         Reflect  .   (no cloak)
rCorr    .         Harm     .   (no gloves)
MR       .....                  (no boots)
Stlth    ++........             (no amulet)
HPRegen  0.03/turn              (no ring)
MPRegen  0.09/turn              (no ring)

@: no status effects
A: fangs 2, magic shield, antimagic bite, no potion heal 3, rot immunity
a: no special abilities


You were on level 4 of the Dungeon.
You were not hungry.

You visited 1 branch of the dungeon, and saw 4 of its levels.

You collected 9 gold pieces.

Inventory:

Hand Weapons
 d - a +2 short sword of speed (weapon)
Armour
 a - a +0 robe (worn)
Books
 b - a book of Flames

   Spells                             Type                      Level
   a - Flame Tongue                   Conjuration/Fire             1
   b - Throw Flame                    Conjuration/Fire             2
   c - Conjure Flame                  Conjuration/Fire             3
   d - Inner Flame                    Hexes/Fire                   3
   e - Sticky Flame                   Conjuration/Fire             4
   f - Fireball                       Conjuration/Fire             5
Comestibles
 c - 2 rations


   Skills:
 - Level 1.5 Dodging
 - Level 2.4 Stealth
 + Level 2.3 Spellcasting
 * Level 1.3 Conjurations
 * Level 3.1 Fire Magic


You had 3 spell levels left.
You knew the following spells:

 Your Spells              Type           Power        Failure   Level  Hunger
a - Flame Tongue          Conj/Fire      #....        9%          1    #......


Dungeon Overview and Level Annotations

Branches:
Dungeon (4/15)
 Temple: D:4-7

Altars:

Annotations:
D:3 Natasha


Innate Abilities, Weirdness & Mutations

You have extremely sharp teeth.
When hurt, damage is shared between your health and your magic reserves.
Your bite disrupts and absorbs the magic of your enemies.
Potions cannot restore your health.
You are immune to rotting.


Message History

Aim: a worker ant (moderately wounded)
The flame tongue misses the worker ant.
The worker ant bites you.
Casting: Flame Tongue
Confirm with . or Enter, or press ? or * to list all spells.
Aiming: Flame Tongue
Press: ? - help, Shift-Dir - straight line, f/p - worker ant
Aim: a worker ant (moderately wounded)
The flame tongue hits the worker ant.
The worker ant is heavily wounded.
The worker ant closely misses you.
Casting: Flame Tongue
Confirm with . or Enter, or press ? or * to list all spells.
You don't have enough magic to cast that spell.
Unknown command.
You hit the worker ant.
You bite the worker ant, but do no damage.
The worker ant is severely wounded.
The worker ant bites you.
Ouch! That really hurt!
You die...

........#
###........ #....#
####..........
#...###....#........
##..<..a.###....a...
##...#### ###......
#.### ##..## #.# ###
#a# ##@# ###..##
#....<# #....##.##
#...## #..## ..##
##..# # ##.## #..##
##..#


You could see a worker ant.

Vanquished Creatures
  A goblin (D:3)
  A hobgoblin (D:3)
  A bat (D:1)
  A kobold (D:1)
  A quokka skeleton (D:4)
  A rat (D:3)
6 creatures vanquished.

Notes
Turn   | Place    | Note
-------+----------+-------------------------------------------
     0 | D:1      | 4thArraOfDagon the Vine Stalker Fire Elementalist began the quest for the Orb.
     0 | D:1      | Reached XP level 1. HP: 9/9 MP: 4/4
   129 | D:3      | Noticed Natasha
   139 | D:4      | Noticed a worker ant
   156 | D:4      | Slain by a worker ant

Vault maps used:
D:1:      dpeg_chamrin_arrival_tetris, minmay_misc_feat_diagonals
D:2:      serial_forest, infiniplex_forest_lined_3, infiniplex_forest_end_2,
          infiniplex_forest_clump_small, infiniplex_forest_end_2,
          infiniplex_forest_clump_long, infiniplex_forest_zigzag_2,
          infiniplex_forest_lined_1, infiniplex_forest_lined_2,
          minmay_pentomino_z4, uniq_sigmund, uniq_jessica
D:3:      cheibrodos_helix_gallery, minmay_misc_feat_ornament, uniq_natasha
D:4:      first_ration

Action                   || total
-------------------------++-------
Melee: Short sword       ||     5
       Bite              ||     3
 Cast: Flame Tongue      ||    13
  Use: Scroll            ||     2
 Stab: Sleeping          ||     1
Dodge: Dodged            ||     2

Table legend:
 A = Spawn XP
 B = Non-spawn XP
 C = Spawn XP percentage of total XP
 D = Spawn monster count
 E = Non-spawn monster count
 F = Spawn count percentage of total count
 G = Total turns spent on level
                    A         B        C        D         E        F      G
               +---------+---------+-------+---------+---------+-------+---------
         Total |       0 |       8 |   0.0 |       0 |       6 |   0.0 |   156
               +---------+---------+-------+---------+---------+-------+---------
           D:1 |       0 |       2 |   0.0 |       0 |       2 |   0.0 |    49
           D:3 |       0 |       5 |   0.0 |       0 |       3 |   0.0 |    33
           D:4 |       0 |       1 |   0.0 |       0 |       1 |   0.0 |    60
               +---------+---------+-------+---------+---------+-------+---------
